 Dungeon Crawl Stone Soup version 0.21-a0-50-g941c862 (webtiles) character file.

41 Duffy the Chopper (level 3, 0/19 HPs)
             Began as a Vine Stalker Fighter on June 11, 2017.
             Succumbed to an adder's poison
             ... on level 1 of the Dungeon.
             The game lasted 00:01:27 (1637 turns).

Duffy the Chopper (Vine Stalker Fighter)            Turns: 1637, Time: 00:01:27

Health: 0/19       AC:  8    Str: 19    XL:     3   Next: 52%
Magic:  4/4        EV:  4    Int:  8    God:
Gold:   86         SH:  9    Dex: 13    Spells: 2/2 levels left

rFire    . . .     SeeInvis .   h - 3 scrolls of teleportation {unknown}
rCold    . . .     Gourm    .   c - +0 shield
rNeg     . . .     Faith    .   m - +0 chain mail
rPois    .         Spirit   +   (no helmet)
rElec    .         Reflect  .   (no cloak)
rCorr    .         Harm     .   (no gloves)
MR       .....                  (no boots)
Stlth    ..........             (no amulet)
Regen    0.1/turn               (no ring)
MPRegen  0.1/turn               (no ring)

@: lethally poisoned (0 -> -2)
A: fangs 2, magic shield, antimagic bite, no potion heal 3, rot immunity
a: no special abilities


You were on level 1 of the Dungeon.
You were not hungry.

You visited 1 branch of the dungeon, and saw 2 of its levels.

You collected 86 gold pieces.

Inventory:

Hand Weapons
 a - a +0 war axe
Armour
 c - a +0 shield (worn)
 m - a +0 chain mail (worn)
Scrolls
 e - 2 scrolls of identify {unknown}
 h - 3 scrolls of teleportation (in hand) {unknown}
 j - 2 scrolls of remove curse {unknown}
 l - a scroll of amnesia {unknown}
Potions
 d - a potion of might
 g - a potion of flight {unknown}
 i - a potion of agility {unknown}
 k - a potion of lignification {unknown}
Comestibles
 b - 2 meat rations
 f - 3 bread rations
 n - a chunk of flesh


   Skills:
 - Level 2.6 Fighting
 + Level 3.4 Axes
 - Level 2.4 Armour
 - Level 2.6 Shields


You had 2 spell levels left.
You didn't know any spells.

Dungeon Overview and Level Annotations

Branches:
Dungeon (2/15)

Altars:

Annotations:
D:2 Sigmund


Innate Abilities, Weirdness & Mutations

You have extremely sharp teeth.
When hurt, damage is shared between your health and your magic reserves.
Your bite disrupts and absorbs the magic of your enemies.
Potions cannot restore your health.
You are immune to rotting.


Message History

You don't have any such object.
Wield which item (- for none, * to show all)? (? for menu, Esc to quit)
h - 3 scrolls labeled BUZOAXTON (in hand)
You feel sick.
You swing at nothing.
You feel sick.
You swing at nothing.
You feel sick.
You swing at nothing.
You feel sick.
You swing at nothing.
You swing at nothing.
You feel sick.
You swing at nothing.
You feel sick.
You swing at nothing.
You swing at nothing.
You feel sick.
You swing at nothing.
You swing at nothing.
You feel sick.
You swing at nothing.
You swing at nothing.
You feel sick.
You swing at nothing.
You swing at nothing.
You swing at nothing.
You die...

..########.....).####..#.#.##.#.#
.## ##.....## #.##.#.##.#.+ .#
#.....# #.##.#.##.#.. .# #.#.#.#
#.##.#.##.+## ####### #####.#
###............ ......##
##.###......#.###.## .<..7..#
#......#..###.# #.## ......##
##.##.........# #.## #'#####
######..@...#..##### #.##
.).######...##..#####..#######.##
.............#.## #........#.##
.}........}..#.# ##.###.....##
.............#.#######.###.#.####
...######...##.##................
#>## ##'###.##.####.......####
### ###..# #.##.# #.#######
####...## #.##.# #.#


There were no monsters in sight!

Vanquished Creatures
  An adder (D:1)
  A dart slug (D:1)
  2 leopard geckos
  2 giant cockroaches (D:1)
  4 hobgoblins
  3 jackals (D:1)
  3 ball pythons
  3 bats
  3 frilled lizards
  2 goblins (D:1)
  A kobold (D:1)
  4 rats
29 creatures vanquished.

Notes
Turn   | Place    | Note
-------+----------+-------------------------------------------
     0 | D:1      | Duffy the Vine Stalker Fighter began the quest for the Orb.
     0 | D:1      | Reached XP level 1. HP: 11/11 MP: 2/2
   159 | D:1      | Reached skill level 2 in Axes
   418 | D:1      | Reached XP level 2. HP: 16/16 MP: 3/3
  1021 | D:1      | Reached skill level 3 in Axes
  1049 | D:1      | Reached XP level 3. HP: 19/19 MP: 4/4
  1571 | D:2      | Noticed Sigmund
  1637 | D:1      | Succumbed to an adder's poison

Vault maps used:
D:1:      minmay_arrival_split_and_join, minmay_curled_crystal, minivault_11,
          kennysheep_boxes
D:2:      first_bread, uniq_sigmund

Skill      XL: |  1  2 |
---------------+-------+-----
Axes           | 2 3 |  3.4
Fighting       | |  2.6
Armour         | |  2.4
Shields        | |  2.6

Action                   || total
-------------------------++-------
Melee: War axe           ||    87
       Bite              ||    19
  Eat: Chunk             ||     2
Armor: Scale mail        ||    22
       Chain mail        ||    20
Dodge: Dodged            ||    23
Block: Shield            ||    51
